 Dungeon Crawl Stone Soup version 0.31-a0-202-g547052bce9 (webtiles) character file.

Game seed: 7461410671633241705

171 qw the Skirmisher (level 5, -2/29 HPs)
             Began as a Deep Elf Hunter on June 26, 2023.
             Killed from afar by an orc wizard (7 damage)
             ... with a magic dart
             ... on level 3 of the Dungeon.
             The game lasted 00:00:56 (2790 turns).

qw the Skirmisher (Deep Elf Hunter)                 Turns: 2790, Time: 00:00:57

Health: -2/29      AC:  6    Str: 10    XL:     5   Next: 26%
Magic:  7/7        EV: 11    Int: 14    God:
Gold:   175        SH:  0    Dex: 18    Spells: 4/4 levels left

rFire   . . .        Y - +0 shortbow
rCold   . . .        (shield currently unavailable)
rNeg    . . .        j - +0 ring mail
rPois   .            (no helmet)
rElec   .            (no cloak)
rCorr   +            (no gloves)
SInv    .            c - +0 pair of boots "Jutanum" {rCorr}
Will    .....        (no amulet)
Stlth   +            (no ring)
HPRegen 0.24/turn    (no ring)
MPRegen 0.10/turn

%: no passive effects
@: no status effects
A: no striking features
a: no special abilities


You were on level 3 of the Dungeon.
You visited 1 branch of the dungeon, and saw 4 of its levels.

You collected 175 gold pieces.


   Skills:
 - Level 1.5 Fighting
 + Level 8.7 Ranged Weapons
 - Level 2.4 Dodging
 - Level 1.2 Stealth


You had 4 spell levels left.
You didn't know any spells.
Your spell library was empty.

Inventory:

Hand Weapons
 Y - a +0 shortbow (weapon)
Armour
 c - the +0 pair of boots "Jutanum" (worn) {rCorr}
   (You found it on level 2 of the Dungeon)

   rCorr:     It protects you from acid and corrosion.
 j - a +0 ring mail (worn)
Wands
 e - a wand of digging (4)
Scrolls
 b - 3 scrolls of teleportation
 f - a scroll of identify
Potions
 g - 2 potions of haste
 h - a potion of resistance
 i - a potion of heal wounds

Dungeon Overview and Level Annotations

Branches:
Dungeon (4/15)
 Temple: D:4-7

Altars:
Gozag
Qazlal

Shops:
D:3 :

Annotations:
D:2 1 runed translucent door, Crazy Yiuf


Message History

You shoot an arrow. Something hits you but does no damage.
You shoot an arrow. Something hits you but does no damage.
You shoot an arrow. Something hits you but does no damage.
You shoot an arrow. Something hits you but does no damage.
You shoot an arrow.
You feel less confused. Something hits you.
You shoot an arrow. Something hits you.
You shoot an arrow. Something completely misses you.
You shoot an arrow. Something hits you.
You shoot an arrow. Something completely misses you.
Something hits you but does no damage.
You shoot an arrow. Something hits you but does no damage.
You shoot an arrow. Something hits you but does no damage.
You shoot an arrow. Something hits you but does no damage.
You shoot an arrow. Something hits you.
You shoot an arrow. Something hits you.
You shoot an arrow. Something hits you.
You shoot an arrow. Something hits you but does no damage.
You shoot an arrow. Something hits you but does no damage.
You shoot an arrow.
You hear some strange, mumbled words.
A magic dart appears from out of thin air!
The magic dart hits you!
You die...

#.# #.#..# #.#
##....# #. #.#
#.##.# #.# ###..##.#
#. #.# #.##.## #.#
#...###.###. #.#
#.##..####.###.###
#.#... #.#
#.###...##.....#
#.#.## #.# #.#
###.##..#### #.#.#
#.# #.# #.#...#
#.#.# #.#
#.#####)#{.##
####.#.# ##.#
#.......@..#
#......# ...#
##########.#
#.##.### ####
#.....##.# #.##.#
#.###.##.#### #.##.#
#.# #.##....###.##.#
#.# #.##.##.#...##.#
#.# #...........##.#
#
#.###..#######..##.#
#
#.#....#.....#...#.#


There were no monsters in sight!

Vanquished Creatures
  A jelly (D:3)
  An orc wizard (D:3)
  6 adders
  2 worms
  2 dart slugs (D:2)
  2 orcs
  6 ball pythons
  5 bats
  5 endoplasms
  3 giant cockroaches
  4 goblins
  A hobgoblin (D:4)
  4 jackals (D:1)
  4 kobolds
  2 quokkas (D:2)
  2 frilled lizards (D:2)
  5 rats
55 creatures vanquished.

Notes
Turn   | Place    | Note
-------+----------+-------------------------------------------
     0 | D:1      | qw the Deep Elf Hunter began the quest for the Orb.
     0 | D:1      | Reached XP level 1. HP: 12/12 MP: 3/3
     0 | D:1      | 0 ||| qw: Version: 0.3-a-22-g0ed2b0b
     0 | D:1      | 0 ||| qw: Game counter: 5950
     0 | D:1      | 0 ||| qw: Melee chars always use a shield: true
     0 | D:1      | 0 ||| qw: God list: Okawaru
     0 | D:1      | 0 ||| qw: Allow faded altars: false
     0 | D:1      | 0 ||| qw: Do Orc after clearing Dungeon:15 true
     0 | D:1      | 0 ||| qw: Do second Lair branch before Depths: true
     0 | D:1      | 0 ||| qw: Lair rune preference: random
     0 | D:1      | 0 ||| qw: Goals: Normal
     0 | D:1      | 0 ||| PLANNING D:1-11
    40 | D:1      | Reached XP level 2. HP: 15/16 MP: 4/4
   105 | D:1      | Reached skill level 6 in Ranged Weapons
   173 | D:1      | Found a faded altar of an unknown god.
   607 | D:1      | 607 ||| UPGRADING to +0 ring mail.
   617 | D:1      | 617 ||| DROPPING +0 leather armour.
   618 | D:1      | 618 ||| READING scroll labelled KOF BOFFIU.
   619 | D:1      | 619 ||| READING 2 scrolls labelled OCZIURUUPHA.
   620 | D:1      | 620 ||| READING scroll labelled CEUBLA QIONAO.
   625 | D:1      | 625 ||| DRINKING 2 coppery potions.
   626 | D:1      | 626 ||| DROPPING scroll of butterflies.
   627 | D:1      | 627 ||| DROPPING potion of attraction.
   753 | D:2      | Reached XP level 3. HP: 20/20 MP: 5/5
   793 | D:2      | Identified the +0 pair of boots "Jutanum" {rCorr}
  1016 | D:2      | Reached skill level 7 in Ranged Weapons
  1301 | D:2      | Found a runed translucent door.
  1302 | D:2      | Noticed Crazy Yiuf
  1642 | D:2      | 1642 ||| UPGRADING to +0 pair of boots "Jutanum" {rCorr}.
  1647 | D:2      | 1647 ||| READING 2 scrolls labelled CEIRETY VUUN.
  1648 | D:2      | 1648 ||| DRINKING 2 bubbling clear potions.
  1649 | D:2      | 1649 ||| READING 4 scrolls of identify.
  1649 | D:2      | 1649 ||| IDENTIFYING cyan potion
  1650 | D:2      | 1650 ||| READING 3 scrolls of identify.
  1650 | D:2      | 1650 ||| IDENTIFYING bubbling grey potion
  1651 | D:2      | 1651 ||| READING 2 scrolls of identify.
  1651 | D:2      | 1651 ||| IDENTIFYING fizzy red potion
  1652 | D:2      | 1652 ||| DROPPING potion of degeneration.
  1653 | D:2      | 1653 ||| DROPPING scroll of blinking.
  1654 | D:2      | 1654 ||| DROPPING potion of brilliance.
  1686 | D:3      | Found Kulyf's Vocational Training.
  1702 | D:3      | Found an opulent altar of Gozag.
  1772 | D:3      | Reached XP level 4. HP: 25/25 MP: 6/6
  2029 | D:3      | Reached skill level 8 in Ranged Weapons
  2093 | D:3      | Found a stormy altar of Qazlal.
  2385 | D:3      | Reached XP level 5. HP: 29/29 MP: 7/7
  2703 | D:3      | 2703 ||| READING scroll labelled ILOTY JOLO.
  2704 | D:3      | 2704 ||| READING scroll labelled JOHYTI TAEKK.
  2705 | D:3      | 2705 ||| READING 2 scrolls of identify.
  2705 | D:3      | 2705 ||| IDENTIFYING pink potion
  2755 | D:4      | 2755 ||| STAIRDANCE
  2785 | D:3      | HP: 7/29 [something (3)]
  2790 | D:3      | Killed from afar by an orc wizard

Levels and vault maps discovered:
D:1:      wander_arrival_estate, layout_basic, dreamdust_ecumenical_altar_grove,
          minmay_misc_feat_x, minmay_cupped
D:2:      layout_basic, serial_corexii_hall, chequers_hall_statues_wall_a,
          corexii_hall_statues_i, minmay_quantized, uniq_crazy_yiuf_cottage
D:3:      layout_basic, amcnicky_altar_gilded, grunt_gozag_breadcrumbs,
          nicolae_shop_vocational
D:4:      layout_basic, serial_forest, infiniplex_forest_lined_room_,
          infiniplex_forest_clump_large, infiniplex_forest_zigzag_1,
          infiniplex_forest_clump_diagonal, infiniplex_forest_straight_4,
          infiniplex_forest_clump_medium, serial_shops, kennysheep_mini_moat,
          hex_tiny, minmay_mini_jars

Skill      XL: |  1  2  3  4 |
---------------+-------------+-----
Ranged Weapons | 6 7 8 |  8.7
Fighting       | |  1.5
Dodging        | |  2.4
Stealth        | |  1.2

Action                     |  1- 3 |  4- 6 || total
---------------------------+-------+-------++-------
   Fire: Shortbow          |   108 |    95 ||   203
    Use: Scroll            |     7 |     3 ||    10
         Potion            |     2 |       ||     2
 Armour: Ring mail         |     6 |    31 ||    37
         Leather armour    |     1 |       ||     1
  Dodge: Dodged            |    14 |    22 ||    36

Table legend:
 A = Non-vault XP
 B = Vault XP
 C = Vault XP percentage of total XP
 D = Non-vault monster count
 E = Vault monster count
 F = Vault count percentage of total count
                 A         B        C        D         E       F
            +---------+---------+-------+---------+---------+-------
      Total |     235 |      10 |   4.1 |      49 |       6 |  10.9
            +---------+---------+-------+---------+---------+-------
        D:1 |      30 |       4 |  11.8 |      16 |       2 |  11.1
        D:2 |      48 |       6 |  11.1 |      11 |       4 |  26.7
        D:3 |     150 |       0 |   0.0 |      19 |       0 |   0.0
        D:4 |       7 |       0 |   0.0 |       3 |       0 |   0.0
            +---------+---------+-------+---------+---------+-------
